 Dungeon Crawl Stone Soup version 0.27-a0-1193-g8631133539 (webtiles) character file.

Game seed: 2746101271220160008

384172 freelancePsychic the Eclecticist (level 23, -1/192 HPs)
             Began as a Djinni Necromancer on May 25, 2021.
             Was the Champion of Ashenzari.
             Shot with a bolt by a yaktaur captain (28 damage)
             ... on level 1 of the Vaults on May 26, 2021.
             The game lasted 02:37:18 (50514 turns).

freelancePsychic the Eclecticist (DjNe)            Turns: 50514, Time: 02:37:19

Health: -1/192     AC: 22    Str:  7    XL:     23   Next: 63%
Gold:   3436       EV: 22    Int: 30    God:    Ashenzari [******] SH: 12 Dex: 15

rFire    + + .     SeeInvis +   R - +9 double sword "Shackled Desperation" {elec, Fort, Self} (curse)
rCold    + . .     Faith    .   D - +6 buckler of the Chained Oblivion {rElec rC+ Will+, Fort, Melee} (curse)
rNeg     + + +     Spirit   +   j - +4 ring mail "Augurer of the Sphere" {Int+4, Melee, Cun} (curse)
rPois    ∞         Reflect  .   d - +2 hat of the Bear Spirit {Spirit, +Rage rN+ Will++, Evo, Self} (curse)
rElec    +         Harm     .   Z - +2 cloak "Share My Disappointment" {rCorr, Self, Fort} (curse)
rCorr    +         Rampage  +   G - +1 pair of gloves "Gnostic Dismay" {Contam Rampage rN+ Regen+, Range, Evo} (curse)
Will     +++++     Clarity  +   (boots unavailable)
Stlth    ++........             Y - amulet "Oracle of the Sky" {rN+ Regen+ SInv, Cun, Self} (curse)
HPRegen  2.42/turn              A - ring "Cursed Shame" {EV+4, Self, Melee} (curse)
MPRegen  0.00/turn              t - ring "Restrained Together" {rC+, Melee, Evo} (curse)

@: flying, very slightly contaminated
A: sickness immunity, fire resistance 2, cold vulnerability 1, float, innate
caster, hp casting, extra vitality 1, berserk 1, mutation resistance 1
}: 3/15 runes: decaying, serpentine, slimy
a: Renounce Religion, Evoke Berserk Rage, Shatter the Chains


You were on level 1 of the Vaults.
You worshipped Ashenzari.
Ashenzari was exalted by your worship.
You visited 8 branches of the dungeon, and saw 40 of its levels.
You also visited: Trove, Bailey, Gauntlet and Volcano.

You collected 6432 gold pieces.
You spent 2996 gold pieces at shops.

Inventory:

Hand Weapons
 R - the cursed +9 double sword "Shackled Desperation" (weapon) {elec, Fort, Self}
   (You acquired it on level 2 of the Elven Halls)

   Occasionally, upon striking a foe, it can discharge electrical energy and
   cause terrible harm.
   It has a curse which improves the following skills: Fortitude: Armour and
   Shields.
   Introspection: Fighting and Spellcasting.
Missiles
 c - 4 curare-tipped darts
Armour
 d - the cursed +2 hat of the Bear Spirit (worn) {Spirit, +Rage rN+ Will++, Evo, Self}
   (You found it in a treasure trove)

   It protects you from negative energy.
   It lets you go berserk.
   It greatly increases your willpower.
   It has a curse which improves the following skills: Evocations: Evocations.
   Introspection: Fighting and Spellcasting.
 j - the cursed +4 ring mail "Augurer of the Sphere" (worn) {Int+4, Melee, Cun}
   (You found it on level 8 of the Dungeon)

   It affects your intelligence (+4).
   It has a curse which improves the following skills: Melee Combat: Short
   Blades, Long Blades, Axes, Maces & Flails, Polearms, Staves and Unarmed
   Combat.
   Cunning:   Dodging and Stealth.
 r - the +3 warlock's mirror {reflect}
   (You found it in a treasure trove)
 D - the cursed +6 buckler of the Chained Oblivion (worn) {rElec rC+ Will+, Fort, Melee}
   (You found it in a treasure trove)

   It protects you from cold.
   It insulates you from electricity.
   It increases your willpower.
   It has a curse which improves the following skills: Fortitude: Armour and
   Shields.
   Melee Combat: Short Blades, Long Blades, Axes, Maces & Flails, Polearms,
   Staves and Unarmed Combat.
 G - the cursed +1 pair of gloves "Gnostic Dismay" (worn) {Contam Rampage rN+ Regen+, Range, Evo}
   (You found it in a treasure trove)

   It protects you from negative energy.
   It causes magical contamination when unequipped.
   It increases your rate of health regeneration.
   It bestows one free step when moving towards enemies.
   It has a curse which improves the following skills: Ranged Combat: Slings,
   Bows, Crossbows and Throwing.
   Evocations: Evocations.
 O - the +8 chain mail of the Hippo {rElec rN+ Int+3}
   (You found it in a treasure trove)

   It affects your intelligence (+3).
   It insulates you from electricity.
   It protects you from negative energy.
 Z - the cursed +2 cloak "Share My Disappointment" (worn) {rCorr, Self, Fort}
   (You found it in a treasure trove)

   It has a curse which improves the following skills: Introspection: Fighting
   and Spellcasting.
   Fortitude: Armour and Shields.
Jewellery
 l - a +6 ring of dexterity
 t - the cursed ring "Restrained Together" (right hand) {rC+, Melee, Evo}
   (You found it on level 4 of the Dungeon)

   [ring of protection from cold]

   It protects you from cold.
   It has a curse which improves the following skills: Melee Combat: Short
   Blades, Long Blades, Axes, Maces & Flails, Polearms, Staves and Unarmed
   Combat.
   Evocations: Evocations.
 A - the cursed ring "Cursed Shame" (left hand) {EV+4, Self, Melee}
   (You found it on level 7 of the Dungeon)

   [ring of evasion]

   It affects your evasion (+4).
   It has a curse which improves the following skills: Introspection: Fighting
   and Spellcasting.
   Melee Combat: Short Blades, Long Blades, Axes, Maces & Flails, Polearms,
   Staves and Unarmed Combat.
 F - a +6 ring of intelligence
 Y - the cursed amulet "Oracle of the Sky" (around neck) {rN+ Regen+ SInv, Cun, Self}
   (You took it off a deep elf demonologist on level 3 of the Elven Halls)

   [amulet of regeneration]

   It protects you from negative energy.
   It lets you see invisible.
   It increases your rate of health regeneration.
   It has a curse which improves the following skills: Cunning: Dodging and
   Stealth.
   Introspection: Fighting and Spellcasting.
Wands
 i - a wand of flame (120)
 n - a wand of acid (20)
 B - a wand of paralysis (31)
 E - a wand of digging (22)
 M - a wand of iceblast (59)
 P - a wand of charming (17)
 Q - a wand of polymorph (46)
 U - a wand of mindburst (11)
Scrolls
 b - 31 scrolls of identify {@r1}
 g - 8 scrolls of fear
 k - 6 scrolls of enchant weapon
 m - 3 scrolls of summoning
 p - a scroll of fog
 q - 3 scrolls of brand weapon
 w - 11 scrolls of teleportation {@r4}
 y - a scroll of holy word
 L - 2 scrolls of blinking
 S - a scroll of silence
 T - 4 scrolls of magic mapping
 V - 6 scrolls of enchant armour
Potions
 a - 7 potions of curing {@q1}
 e - 11 potions of brilliance
 f - 7 potions of might
 h - 3 potions of heal wounds {@q2}
 o - 10 potions of haste {@q3}
 s - a potion of invisibility
 u - 3 potions of resistance
 v - 7 potions of berserk rage
 x - 3 potions of cancellation
 K - 5 potions of mutation
 N - 3 potions of ambrosia
Miscellaneous
 H - a box of beasts
 I - a condenser vane
 J - a lightning rod (4/4)


   Skills:
 - Level 17.1(24.3) Fighting
 - Level 4.6(12.8) Short Blades
 - Level 10.9(17.7) Long Blades
 - Level 14.2(19.5) Armour
 - Level 16.6(20.4) Dodging
 - Level 1.5(4.5) Stealth
 - Level 4.0(9.3) Shields
 + Level 18.8(25.8) Spellcasting
 + Level 2.2(6.6) Evocations


You had 5 spell levels left.
You knew the following spells:

 Your Spells              Type           Power      Damage    Failure   Level
a - Irradiate             Conj/Tmut      57%        3d32      0%          5
b - Starburst             Conj/Fire      57%        8x6d15    0%          6
c - Iron Shot             Conj/Erth      57%        9d11      0%          6
d - Olgreb's Toxic Radia  Pois           100%       N/A       0%          4
e - Agony                 Necr           100%       N/A       0%          5
f - Summon Hydra          Summ           57%        N/A       1%          7
g - Slow                  Hex            100%       N/A       0%          2
h - Spellforged Servitor  Conj/Summ      57%        N/A       1%          7
i - Animate Dead          Necr           57%        N/A       0%          4
j - Pain                  Necr           100%       1d9       0%          1
k - Sandblast             Erth           100%       2d20      0%          1
l - Animate Skeleton      Necr           100%       N/A       0%          1
m - Vampiric Draining     Necr           57%        2d14      0%          3
n - Gell's Gravitas       Tloc           57%        N/A       0%          3
o - Borgnjor's Revivific  Necr           57%        N/A       1%          8
p - Yara's Violent Unrav  Hex/Tmut       57%        3d22      0%          5
Your spell library was empty.

Dungeon Overview and Level Annotations

Branches:
Dungeon (15/15)            Temple (0/1) D:6            Lair (6/6) D:11
  Swamp (4/4) Lair:2        Snake (4/4) Lair:2        Slime (5/5) Lair:6
    Orc (2/2) D:10            Elf (3/3) Orc:2        Vaults (1/5) D:13
 Depths (0/5) D:15         Bailey (visited)         Volcano (visited)
Gauntlet (visited)

Altars:
Ashenzari
Fedhas
Hepliaklqana
Qazlal
Ru
Sif Muna
Zin
Beogh

Shops:
D:1 *   D:10 *   D:12 !   Orc:1 !   Orc:2 ?:*!   Elf:1 [   Elf:2 ?
Snake:4 =!!*   Vaults:1 *

Annotations:
D:4 exclusion: skeleton
D:14 Roxanne
Orc:1 1 runed translucent door, HilariousDeathArtist's ghost, journeyman TeVM
Elf:2 5 runed translucent doors


Innate Abilities, Weirdness & Mutations

You are immune to sickness and miasma.
You are immune to poison.
Your flesh is very heat resistant. (rF++)
You are vulnerable to cold. (rC-)
You float through the air rather than walking.
You learn spells naturally, not from books.
Your magical power is your life essence.
You have superior vitality. (+4 HP)
You tend to lose your temper in combat.
You are somewhat resistant to further mutation.


Message History

Casting: Irradiate (safe; 0% risk of failure)
Confirm with . or Enter, or press ? or * to list all spells.
You erupt in a fountain of uncontrolled magic!
The yaktaur captain is blasted with magical radiation!!!
You kill the yaktaur captain!
The ettin is blasted with magical radiation!!!!
You kill the ettin!
Your base Evocations skill increases to level 2!
You are too injured to fight recklessly!
Casting: Irradiate (safe; 0% risk of failure)
Confirm with . or Enter, or press ? or * to list all spells.
Aiming: Iron Shot (safe; 0% risk of failure)
Press: ? - help, Shift-Dir - straight line, f - ironbound convoker
Aim: an ironbound convoker, wielding a +0 flail and wearing a +0 scale mail (82% to hit)
The iron shot hits the ironbound convoker!!!
You kill the ironbound convoker!
The vault warden hits you with a +7 battleaxe of electrocution.
Casting: Iron Shot (safe; 0% risk of failure)
Confirm with . or Enter, or press ? or * to list all spells.
Aiming: Iron Shot (safe; 0% risk of failure)
Press: ? - help, Shift-Dir - straight line, f - orc warlord
Aim: an orc warlord, wielding a +0 great sword and wearing a +0 plate armour (87% to hit)
The iron shot hits the orc warlord!!!
The orc warlord is heavily wounded.
The orc warlord hits you with a +0 great sword!
The vault warden hits you with a +7 battleaxe of electrocution!!!
* * * LOW HITPOINT WARNING * * *
Blink to where?
Press: ? - help, Dir - move target, p - orc warlord
As you read the scroll of blinking, it crumbles to dust.
Found a scroll of teleportation and 6 gold pieces.
As you read the scroll of fog, it crumbles to dust.
The scroll dissolves into smoke.
The yaktaur captain wields a +0 arbalest of freezing.
It is covered in frost.
The yaktaur captain shoots a bolt.
The bolt hits you.
* * * LOW HITPOINT WARNING * * *
The bolt freezes you.
* * * LOW HITPOINT WARNING * * *
The yaktaur captain shoots a bolt.
The bolt hits you!!
You die...

,, , , , ,,, , ,
,,, * ***** * ** *
** , , * *,
.######## *,
.########
,.###########
.###§§§...$#
,,.###@§§....# ,
.###§§§....#
.###§§§....# *,
.###§§§....## *,
.###)§co..[##
,,.######'#######
,, #..{p).$##### ,
#...)§).##########
,
##+#'#+############


You could see an orc warlord and a yaktaur captain.

Vanquished Creatures
  Rupert (Lair:6)
  Jorgrun (D:12)
  A deep elf blademaster (Elf:3)
  2 deep elf master archers (Elf:3)
  16 acid blobs
  2 sphinxes (Elf:3)
  Kirke (Lair:5)
  Frances (D:14)
  A thorn hunter (Swamp:3)
  Donald (Snake:3)
  11 rockslimes
  5 azure jellies
  3 nagarajas (Snake:4)
  2 fenstrider witches (Swamp:3)
  A fire giant (D:15)
  5 deep elf sorcerers (Elf:3)
  8 deep elf elementalists (Elf:3)
  A ghoul (Swamp:3)
  Aizul (Snake:2)
  5 quicksilver oozes
  3 deep elf demonologists
  6 bunyips
  Azrael (D:14)
  3 deep elf annihilators
  4 deep elf death magi (Elf:3)
  A minotaur (Gauntlet)
  Snorg (D:10)
  6 fire dragons (Elf:3)
  5 eleionomae
  Josephine (Lair:6)
  An ettin (Vaults:1)
  5 deep elf high priests (Elf:3)
  A shambling mangrove (Swamp:4)
  The ghost of Chanda the Basher, a journeyman MiBe of Trog (Lair:1)
  2 yaktaur captains (Vaults:1)
  3 great orbs of eyes
  An ironbound thunderhulk (Vaults:1)
  9 naga warriors
  4 vault guards (Vaults:1)
  4 ice dragons (Swamp:4)
  26 hydras
  3 ghost crabs
  A hell beast (Elf:3)
  6 ogre magi
  2 salamander tyrants (Snake:4)
  A boulder beetle (D:14)
  5 centaur warriors
  A death knight (D:15)
  6 anacondas
  3 catoblepae
  An ironbound frostheart (Vaults:1)
  13 dancing weapons
  36 two-headed ogres
  An orc high priest (Elf:1)
  7 death yaks (Lair:6)
  6 alligators
  4 shock serpents
  A spriggan berserker (Swamp:3)
  2 tengu warriors (D:15)
  The ghost of HendSelp the Destroyer, a journeyman DECj of Sif Muna (D:11)
  18 naga sharpshooters
  Urug (D:10)
  2 salamander mystics (Snake:4)
  Nergalle (D:12)
  10 deep elf knights
  5 goliath frogs
  9 deep elf archers
  10 spriggan druids
  Pikel (D:5)
  5 swamp dragons
  4 bog bodies
  6 naga ritualists (Snake:4)
  An ironbound convoker (Vaults:1)
  3 lindwurms
  26 deep elf pyromancers
  7 oklob plants
  4 orc knights
  18 deep elf zephyrmancers
  10 mana vipers
  3 harpies (Elf:3)
  4 orc sorcerers
  A shining eye (Slime:2)
  22 ugly things
  13 salamanders
  8 will-o-the-wisps
  12 manticores
  5 guardian serpents
  26 elephants
  A black mamba (shapeshifter) (D:14)
  26 naga magi
  37 black mambas
  14 cane toads
  3 vault sentinels (Vaults:1)
  A torpor snail (Lair:6)
  A gargoyle (D:11)
  11 komodo dragons
  5 molten gargoyles (Volcano)
  A kobold demonologist (D:14)
  3 rime drakes
  5 efreet
  4 yaktaurs
  4 freezing wraiths (Swamp:4)
  3 meliai (Gauntlet)
  9 trolls
  A meliai (shapeshifter) (D:13)
  8 polar bears
  4 bloated husks
  Grinder (D:5)
  A wind drake (shapeshifter) (Elf:3)
  16 hornets
  7 tyrant leeches
  3 dream sheep (Lair:6)
  3 blink frogs (Lair:5)
  81 slime creatures
  A centaur simulacrum (D:15)
  28 spriggans
  2 vampires
  47 yaks
  2 shadows
  Sigmund (D:5)
  2 air elementals
  6 wraiths
  2 water elementals (Elf:3)
  Eustachio (D:4)
  10 wyverns
  9 fire elementals
  16 humans (D:13)
  6 hogs (Lair:5)
  2 golden eyes (Slime:4)
  3 steam dragons
  6 basilisks
  7 vampire mosquitoes
  28 nagas
  3 swamp worm simulacra (Swamp:4)
  20 swamp worms
  3 wargs
  14 hydra simulacra (Swamp:4)
  3 acid dragons
  15 water moccasins
  7 hell hounds
  5 swamp drakes
  21 orc warriors
  A necrophage (D:8)
  32 ogres
  4 boggarts (Lair:6)
  5 black bears
  29 wolves
  7 centaurs
  A kobold brigand (D:10)
  15 bullfrogs
  5 earth elementals
  A scorpion (D:11)
  4 wights (D:10)
  3 howler monkeys
  2 bullfrog zombies
  A jelly (D:5)
  2 hounds
  11 orc priests
  2 gnoll shamans
  2 iguanas
  13 orc wizards
  A hound skeleton (D:4)
  A howler monkey zombie (D:8)
  Robin (D:2)
  9 gnolls
  A howler monkey skeleton (D:5)
  7 adders
  2 shadow imps
  2 white imps (D:7)
  5 swamp drake simulacra (Swamp:4)
  A worm (D:2)
  6 dart slugs
  78 orcs
  6 ball pythons
  5 endoplasms
  5 giant cockroaches
  19 goblins
  4 hobgoblins
  17 jackals
  A quokka (D:2)
  4 bats
  3 frilled lizards
  12 kobolds
  A quokka skeleton (D:4)
  5 rats
  4 briar patches (Swamp:3)
  2 butterflies (Lair:4)
  3 fire vortices (Volcano)
1360 creatures vanquished.

Vanquished Creatures (collateral kills)
  the Royal Jelly (Slime:5)
  3 acid blobs
  2 azure jellies (Slime:5)
  A rockslime (Slime:5)
  A deep elf elementalist (Elf:1)
  3 quicksilver oozes (Slime:5)
  A naga warrior (Snake:4)
  A dancing weapon (Elf:2)
  A naga sharpshooter (Snake:4)
  A deep elf knight (Elf:3)
  A deep elf pyromancer (Elf:2)
  A deep elf zephyrmancer (Elf:2)
  5 shining eyes
  An eye of devastation (Slime:5)
  10 slime creatures
  An air elemental (Elf:2)
  A fire elemental (Elf:1)
35 creatures vanquished.

Vanquished Creatures (others)
  A spriggan druid (Swamp:4)
  A deep elf zephyrmancer (Elf:3)
  A tyrant leech (Swamp:4)
  12 foxfires
  32 fungi
  59 plants
106 creatures vanquished.

Grand Total: 1501 creatures vanquished

Notes
Turn   | Place    | Note
-------+----------+-------------------------------------------
     0 | D:1      | freelancePsychic the Djinni Necromancer began the quest for
                  | the Orb.
     0 | D:1      | Reached XP level 1. HP: 15/15 MP: 0/0
   296 | D:1      | Reached XP level 2. HP: 13/22 MP: 0/0
   498 | D:1      | Found a faded altar of an unknown god.
   504 | D:1      | Became a worshipper of Ashenzari the Shackled
   632 | D:1      | Found Lairoa's General Store.
  1046 | D:1      | Reached XP level 3. HP: 17/26 MP: 0/0
  1046 | D:1      | Learned a level 1 spell: Sandblast
  1786 | D:1      | Reached skill level 4 in Spellcasting
  2389 | D:2      | Reached * piety under Ashenzari
  2454 | D:2      | Noticed Robin
  2472 | D:2      | Reached XP level 4. HP: 30/32 MP: 0/0
  2614 | D:2      | Killed Robin
  2651 | D:2      | Found a hazy altar of Hepliaklqana.
  2875 | D:2      | Reached XP level 5. HP: 36/37 MP: 0/0
  2875 | D:2      | Learned a level 2 spell: Slow
  3100 | D:2      | Reached ** piety under Ashenzari
  3544 | D:3      | Reached skill level 5 in Spellcasting
  4064 | D:3      | Reached *** piety under Ashenzari
  4073 | D:3      | Reached skill level 1 in Fighting
  4305 | D:4      | Noticed a bullfrog
  4313 | D:4      | Killed a bullfrog
  4314 | D:4      | Reached XP level 6. HP: 15/46 MP: 0/0
  5042 | D:4      | Identified the +8 hunting sling "Orb Guardian's Foe"
                  | {freeze, rPois rF+++ Dex-4 Stlth+}
  5076 | D:4      | Noticed Eustachio
  5628 | D:4      | Killed Eustachio
  5629 | D:4      | Reached XP level 7. HP: 44/53 MP: 0/0
  5629 | D:4      | Learned a level 3 spell: Gell's Gravitas
  5893 | D:5      | Entered Level 5 of the Dungeon
  6021 | D:5      | Noticed Pikel
  6040 | D:5      | Killed Pikel
  6041 | D:5      | Reached skill level 5 in Dodging
  6041 | D:5      | Reached XP level 8. HP: 57/62 MP: 0/0
  6076 | D:5      | Noticed Grinder
  6081 | D:5      | Paralysed by Grinder for 2 turns
  6087 | D:5      | Paralysed by Grinder for 4 turns
  6111 | D:5      | Paralysed by Grinder for 7 turns
  6124 | D:5      | Killed Grinder
  6125 | D:5      | Reached skill level 5 in Fighting
  6448 | D:5      | Noticed a two-headed ogre
  6457 | D:5      | Killed a two-headed ogre
  6458 | D:5      | Reached skill level 6 in Spellcasting
  6458 | D:5      | Reached XP level 9. HP: 71/71 MP: 0/0
  6458 | D:5      | Learned a level 4 spell: Olgreb's Toxic Radiance
  6474 | D:5      | Reached **** piety under Ashenzari
  6512 | D:5      | Noticed Sigmund
  6519 | D:5      | Killed Sigmund
  6636 | D:5      | Found a sacrificial altar of Ru.
  6653 | D:5      | Reached skill level 1 in Short Blades
  6918 | D:2      | Reached ***** piety under Ashenzari
  7304 | D:6      | Found a staircase to the Ecumenical Temple.
  7974 | D:7      | Noticed a manticore
  8323 | D:7      | Reached XP level 10. HP: 73/81 MP: 0/0
  8446 | D:7      | Killed a manticore
  8808 | D:8      | Identified the +4 ring mail of Kuazug {Int+4}
  9149 | D:8      | Reached skill level 1 in Armour
  9149 | D:8      | Reached skill level 7 in Spellcasting
 10222 | D:9      | Noticed a two-headed ogre
 10239 | D:9      | Killed a two-headed ogre
 10593 | D:10     | Entered Level 10 of the Dungeon
 10608 | D:10     | Noticed a two-headed ogre
 10632 | D:10     | Killed a two-headed ogre
 10633 | D:10     | Reached XP level 11. HP: 78/87 MP: 0/0
 10633 | D:10     | Learned a level 5 spell: Irradiate
 10671 | D:10     | Found a portal to a secret trove of treasure.
 10988 | D:10     | Reached skill level 8 in Spellcasting
 11027 | D:10     | Found a staircase to the Orcish Mines.
 11041 | D:10     | Reached skill level 5 in Armour
 11108 | Orc:1    | Entered Level 1 of the Orcish Mines
 11167 | Orc:1    | Found Paudeun's Distillery.
 11183 | Orc:1    | Noticed a two-headed ogre
 11191 | Orc:1    | Killed a two-headed ogre
 11198 | Orc:1    | Found a runed translucent door.
 11206 | Orc:1    | Noticed an orc knight
 11232 | Orc:1    | Killed an orc knight
 11245 | Orc:1    | Noticed an orc knight
 11248 | Orc:1    | Noticed HilariousDeathArtist's ghost (journeyman TeVM)
 11254 | Orc:1    | Found a flagged portal.
 11260 | Bailey   | Entered a bailey
 11625 | Bailey   | Noticed an orc knight
 11640 | Bailey   | Killed an orc knight
 11876 | Orc:1    | Killed an orc knight
 12333 | Orc:2    | Entered Level 2 of the Orcish Mines
 12335 | Orc:2    | Noticed a two-headed ogre
 12335 | Orc:2    | Noticed a two-headed ogre
 12336 | Orc:2    | Noticed an ogre mage
 12336 | Orc:2    | Noticed a two-headed ogre
 12337 | Orc:2    | Noticed a two-headed ogre
 12343 | Orc:2    | Killed a two-headed ogre
 12344 | Orc:2    | Reached skill level 9 in Spellcasting
 12344 | Orc:2    | Reached XP level 12. HP: 86/98 MP: 0/0
 12344 | Orc:2    | Killed a two-headed ogre
 12347 | Orc:2    | Killed a two-headed ogre
 12348 | Orc:2    | Killed a two-headed ogre
 12349 | Orc:2    | Killed an ogre mage
 12575 | Orc:2    | Noticed a two-headed ogre
 12575 | Orc:2    | Noticed a two-headed ogre
 12580 | Orc:2    | Noticed a two-headed ogre
 12582 | Orc:2    | Reached skill level 1 in Shields
 12583 | Orc:2    | Killed a two-headed ogre
 12583 | Orc:2    | Noticed an ogre mage
 12589 | Orc:2    | Noticed a two-headed ogre
 12590 | Orc:2    | Killed a two-headed ogre
 12598 | Orc:2    | Killed a two-headed ogre
 12598 | Orc:2    | Killed an ogre mage
 12609 | Orc:2    | Noticed a two-headed ogre
 12763 | Orc:2    | Killed a two-headed ogre
 12955 | Orc:2    | Killed a two-headed ogre
 12956 | Orc:2    | Reached skill level 10 in Fighting
 12956 | Orc:2    | Reached skill level 10 in Spellcasting
 12960 | Orc:2    | Noticed a two-headed ogre
 12961 | Orc:2    | Reached XP level 13. HP: 91/107 MP: 0/0
 12961 | Orc:2    | Learned a level 5 spell: Yara's Violent Unravelling
 13097 | Orc:2    | Noticed an ogre mage
 13109 | Orc:2    | Killed an ogre mage
 13111 | Orc:1    | Gained mutation: You tend to lose your temper in combat.
                  | [mutagenic glow]
 13348 | Orc:2    | Noticed an ogre mage
 13430 | Orc:2    | Noticed an ogre mage
 13436 | Orc:2    | Killed an ogre mage
 13561 | Orc:2    | Reached skill level 11 in Spellcasting
 13571 | Orc:2    | Killed an ogre mage
 13572 | Orc:2    | Reached skill level 10 in Dodging
 13719 | Orc:2    | Found Ceapluim's Magic Scroll Emporium.
 13719 | Orc:2    | Found Zuoxohue's General Store.
 13719 | Orc:2    | Found Caxujulo's Book Shop.
 13719 | Orc:2    | Found Wytillirr's Distillery.
 14016 | D:1      | Bought a scroll of acquirement for 520 gold pieces
 14016 | D:1      | Acquired the +2 buckler of Grace {Rampage Will+ Str+3}
 14677 | Orc:2    | Found a staircase to the Elven Halls.
 14770 | D:10     | Found Terutul's Mass Market.
 14993 | D:10     | Noticed Snorg
 15014 | D:10     | Killed Snorg
 15196 | D:10     | Noticed Urug
 15210 | D:10     | Killed Urug
 15573 | D:10     | Reached skill level 1 in Long Blades
 15642 | D:11     | Found a staircase to the Lair.
 15650 | D:11     | Reached XP level 14. HP: 112/119 MP: 0/0
 15776 | D:11     | Found a gate leading to a gauntlet.
 15803 | Gauntlet | Entered a Gauntlet
 15803 | Gauntlet | Found a transporter.
 15803 | Gauntlet | Found a transporter.
 15804 | Gauntlet | Found a transporter.
 15806 | Gauntlet | Found a transporter.
 15816 | Gauntlet | Identified the Collected Works on the Enchanting Arsonist
 15819 | Gauntlet | Found a transporter.
 15822 | Gauntlet | Found a large runed translucent door.
 15823 | Gauntlet | Found a large runed translucent door.
 15824 | Gauntlet | Found a large runed translucent door.
 15824 | Gauntlet | Found a large runed translucent door.
 15824 | Gauntlet | Found a runed translucent door.
 15837 | Gauntlet | Found a transporter.
 15838 | Gauntlet | Identified the +2 barding of the Dice {Harm rElec rC+}
 15860 | Gauntlet | Found a transporter.
 15877 | Gauntlet | Found a transporter.
 15881 | Gauntlet | Found a large runed translucent door.
 15882 | Gauntlet | Found a large runed translucent door.
 15883 | Gauntlet | Found a large runed translucent door.
 15883 | Gauntlet | Found a large runed translucent door.
 15884 | Gauntlet | Found a runed translucent gate.
 15885 | Gauntlet | Found a transporter.
 15885 | Gauntlet | Found a runed translucent gate.
 15886 | Gauntlet | Found a runed translucent gate.
 15887 | Gauntlet | Found a large runed translucent door.
 15887 | Gauntlet | Found a large runed translucent door.
 15888 | Gauntlet | Found a large runed translucent door.
 15889 | Gauntlet | Found a large runed translucent door.
 15898 | Gauntlet | Found a large runed translucent door.
 15898 | Gauntlet | Found a large runed translucent door.
 15898 | Gauntlet | Found a runed translucent door.
 15899 | Gauntlet | Found a large runed translucent door.
 15900 | Gauntlet | Found a large runed translucent door.
 15902 | Gauntlet | Found a transporter.
 15943 | Gauntlet | Found a transporter.
 15953 | Gauntlet | Found a transporter.
 16323 | Gauntlet | Noticed a minotaur
 16334 | Gauntlet | Identified the +3 falchion "Xeaz" {flame, *Noise Dex+5}
 16362 | Gauntlet | Killed a minotaur
 16707 | D:11     | Identified the +5 hunting sling of Wrongful Imprisonment
                  | {venom, SInv}
 16798 | D:11     | Found a transporter.
 17075 | D:11     | Found a transporter.
 17081 | D:11     | Noticed HendSelp's ghost (journeyman DECj)
 17081 | D:11     | Identified the +10 dire flail "Muruyd" {venom, rPois Str+2
                  | SInv}
 17081 | D:11     | Identified the +6 dire flail "Qeucer" {vorpal, Int+4 Dex+3}
 17112 | D:11     | Reached skill level 5 in Long Blades
 17114 | D:11     | Killed HendSelp's ghost
 17361 | Lair:1   | Entered Level 1 of the Lair of Beasts
 17363 | Lair:1   | Found a transporter.
 17364 | Lair:1   | Noticed Chanda's ghost (journeyman MiBe)
 17440 | Lair:1   | Found a transporter.
 18618 | Lair:2   | Found a staircase to the Swamp.
 18685 | Lair:2   | Found a glowing silver altar of Zin.
 18998 | Lair:2   | Reached skill level 10 in Armour
 19435 | Lair:2   | Found a staircase to the Snake Pit.
 19533 | Lair:2   | Reached XP level 15. HP: 78/127 MP: 0/0
 19533 | Lair:2   | Learned a level 6 spell: Starburst
 22288 | Lair:5   | Noticed Kirke
 22294 | Lair:5   | Noticed a sphinx
 22297 | Lair:5   | Killed Kirke
 22451 | Lair:5   | Found a dark tunnel.
 22459 | Volcano  | Entered a volcano
 22528 | Volcano  | Reached skill level 12 in Spellcasting
 24188 | Lair:6   | Entered Level 6 of the Lair of Beasts
 24195 | Lair:6   | Reached XP level 16. HP: 128/134 MP: 0/0
 24728 | Lair:6   | Noticed Josephine
 24734 | Lair:6   | Killed Josephine
 25508 | Lair:6   | Reached skill level 13 in Spellcasting
 25841 | Lair:6   | Noticed Rupert
 25849 | Lair:6   | Killed Rupert
 26004 | Lair:6   | Found a staircase to the Slime Pits.
 27001 | D:12     | Identified the +1 leather armour "Faoceat" {rElec rF- Str-2
                  | Dex+6 SInv}
 27224 | D:12     | Noticed Nergalle
 27301 | D:12     | Found Eddeg's Distillery.
 27304 | D:12     | Noticed Jorgrun
 27321 | D:12     | Killed Jorgrun
 27460 | D:12     | Bought a potion of experience for 500 gold pieces
 27460 | D:12     | Reached XP level 17. HP: 139/139 MP: 0/0
 27460 | D:12     | Learned a level 6 spell: Iron Shot
 27903 | D:12     | Killed Nergalle
 27983 | D:13     | Found a gate to the Vaults.
 27988 | D:13     | Reached XP level 18. HP: 125/146 MP: 0/0
 28724 | D:13     | Found a blossoming altar of Fedhas.
 29077 | D:14     | Noticed Roxanne
 29345 | D:14     | Noticed Frances
 29348 | D:14     | Killed Frances
 29349 | D:14     | Reached skill level 14 in Spellcasting
 29571 | D:14     | Noticed Azrael
 29574 | D:14     | Killed Azrael
 30279 | D:14     | Found a stormy altar of Qazlal.
 30792 | D:15     | Entered Level 15 of the Dungeon
 30909 | D:15     | Found a staircase to the Depths.
 32534 | Elf:1    | Entered Level 1 of the Elven Halls
 33057 | Elf:1    | Found Afoidut's Antique Armour Boutique.
 33063 | Elf:1    | Bought a pair of polished gloves for 351 gold pieces
 33063 | Elf:1    | Identified the +0 pair of gloves of Heicixisa {rPois Dex+4}
                  | (You bought it in a shop on level 1 of the Elven Halls)
 33068 | Elf:1    | Reached ****** piety under Ashenzari
 33115 | Elf:1    | Reached XP level 19. HP: 106/154 MP: 0/0
 33115 | Elf:1    | Learned a level 7 spell: Spellforged Servitor
 33875 | Elf:1    | Acquired 964 gold pieces
 34426 | Elf:1    | Reached skill level 15 in Spellcasting
 36191 | Elf:2    | Found Qefarhon's Magic Scroll Boutique.
 36212 | Elf:2    | Bought a scroll of acquirement for 780 gold pieces
 36212 | Elf:2    | Acquired a +5 double sword of electrocution
 36320 | Elf:2    | Found a huge runed translucent gate.
 36320 | Elf:2    | Found a huge runed translucent gate.
 36324 | Elf:2    | Found a huge runed translucent gate.
 36324 | Elf:2    | Found a huge runed translucent gate.
 36324 | Elf:2    | Found a huge runed translucent gate.
 36384 | Elf:3    | Entered Level 3 of the Elven Halls
 37606 | Elf:3    | Reached skill level 10 in Long Blades
 37827 | Elf:3    | Identified the +5 mace "Kewk" {protect, rElec rF+ Will++
                  | rCorr}
 37975 | Elf:3    | Reached XP level 20. HP: 40/158 MP: 0/0
 38323 | Elf:3    | Identified the ring "Qourisy" {Fire +Blink Str-3 Slay+4}
 38329 | Elf:3    | Reached skill level 15 in Dodging
 38735 | Elf:3    | Identified the +5 halberd "Cuinar Gily" {antimagic, Str+4}
 38735 | Elf:3    | Identified the amulet of Deityceh {rN+ Regen+ SInv}
 39941 | Elf:3    | Noticed a Hell Sentinel
 40300 | Elf:3    | HP: 6/158 [deep elf blademaster/+0 short sword (23)]
 40300 | Elf:3    | HP: 1/158 [deep elf blademaster/+0 short sword (5)]
 41312 | Elf:3    | Identified the +5 shortbow of Generosity {venom, Str+2}
 41589 | Lair:1   | Killed Chanda's ghost
 41786 | Snake:1  | Entered Level 1 of the Snake Pit
 42474 | Snake:1  | Identified the ring of Onoq {+Blink AC+4 Dex+5}
 42896 | Snake:2  | Noticed Aizul
 42905 | Snake:2  | Killed Aizul
 43639 | Snake:3  | Noticed Donald
 43649 | Snake:3  | Killed Donald
 43650 | Snake:3  | Reached XP level 21. HP: 171/172 MP: 0/0
 43650 | Snake:3  | Learned a level 8 spell: Borgnjor's Revivification
 43882 | Snake:3  | Reached skill level 16 in Spellcasting
 44237 | Snake:4  | Entered Level 4 of the Snake Pit
 44522 | Snake:4  | Found Edwy's Distillery.
 44526 | Snake:4  | Found Cippuc's Assorted Antiques.
 44526 | Snake:4  | Found Toaw's Jewellery Shop.
 44535 | Snake:4  | Bought a potion of heal wounds for 75 gold pieces
 44535 | Snake:4  | Found Qifuos's Distillery.
 44541 | Snake:4  | Bought a potion of heal wounds for 95 gold pieces
 44740 | Orc:2    | Bought a potion of heal wounds for 65 gold pieces
 44740 | Orc:2    | Bought a potion of heal wounds for 65 gold pieces
 44740 | Orc:2    | Bought 2 potions of heal wounds for 130 gold pieces
 44740 | Orc:2    | Bought a potion of heal wounds for 65 gold pieces
 44778 | Orc:1    | Bought a potion of heal wounds for 70 gold pieces
 44778 | Orc:1    | Bought a potion of heal wounds for 70 gold pieces
 44778 | Orc:1    | Bought a potion of ambrosia for 112 gold pieces
 44778 | Orc:1    | Bought a potion of brilliance for 56 gold pieces
 44778 | Orc:1    | Bought a potion of curing for 42 gold pieces
 44862 | D:10     | You paid a toll of 14 potions of heal wounds to enter a
                  | treasure trove
 44863 | Trove    | Entered a treasure trove
 44863 | Trove    | Identified the +1 pair of gloves of Quiet Fog {Str+4
                  | Slay+4}
 44863 | Trove    | Identified the +2 chain mail of Indemnity {-Cast Rampage
                  | rC++ rCorr}
 44863 | Trove    | Identified the +0 buckler of the Abyss {Fly Will- Dex+3}
 44863 | Trove    | Found the +2 hat of the Bear Spirit {Spirit, +Rage rN+
                  | Will++}
 44865 | Trove    | Identified the +6 buckler "Zolatsomm" {rElec rC+ Will+}
 44865 | Trove    | Identified the +1 pair of gloves of Ymeqoh {Contam Rampage
                  | rN+ Regen+}
 44865 | Trove    | Found the +3 warlock's mirror {reflect}
 44865 | Trove    | Identified the +8 chain mail of the Hippo {rElec rN+ Int+3}
 45266 | Snake:4  | Identified the +1 dagger of Theory {flame, rF+ Str+2}
 45603 | Snake:4  | Reached skill level 17 in Spellcasting
 45818 | Snake:4  | Got a serpentine rune of Zot
 46043 | Swamp:1  | Entered Level 1 of the Swamp
 46783 | Swamp:2  | Reached XP level 22. HP: 159/174 MP: 0/0
 47151 | Swamp:3  | Reached skill level 18 in Spellcasting
 47812 | Swamp:4  | Entered Level 4 of the Swamp
 48167 | Swamp:4  | Identified the +8 scale mail "Ice Nexu" {rElec rC- Str+4}
 48332 | Swamp:4  | Got a decaying rune of Zot
 48690 | Slime:1  | Entered Level 1 of the Pits of Slime
 48700 | Slime:1  | Gained mutation: You are somewhat resistant to further
                  | mutation. [a shining eye]
 48973 | Slime:3  | Reached skill level 15 in Fighting
 49042 | Slime:5  | Entered Level 5 of the Pits of Slime
 49065 | Slime:5  | Reached XP level 23. HP: 171/183 MP: 0/0
 49065 | Slime:5  | Learned a level 7 spell: Summon Hydra
 49201 | Slime:5  | Noticed the Royal Jelly
 49217 | Slime:5  | Killed the Royal Jelly
 49662 | Slime:5  | Identified the +7 halberd "Zucrufeg" {vorpal, *Noise rN++
                  | Int+4}
 49731 | Slime:5  | Found the +3 robe of Folly {Archmagi, Will-- Int+5}
 49753 | Slime:5  | Identified the +1 fire dragon scales "Leuchy" {rElec rF++
                  | rC-}
 49753 | Slime:5  | Identified the +9 quarterstaff "Lurigog" {freeze, rN+ Dex+4
                  | Stlth-}
 49779 | Slime:5  | Got a slimy rune of Zot
 50303 | Vaults:1 | Entered Level 1 of the Vaults
 50385 | Vaults:1 | Found Veesso's Assorted Antiques.
 50505 | Vaults:1 | Reached skill level 1 in Evocations
 50514 | Vaults:1 | Shot with a bolt by a yaktaur captain

Illustrated notes

Levels and vault maps discovered:
D:1:      dpeg_arrival_stonehenge_8_columns, layout_loops_ring,
          basic_ecumenical_altar, serial_shops, shop
D:2:      layout_basic, basic_altar, uniq_robin
D:3:      layout_basic, serial_corexii_hall, chequers_hall_statues_wall_a,
          corexii_hall_statues_i
D:4:      layout_loops_corners, uniq_eustachio
D:5:      wander_river, layout_loops_cross, general_overflow_altar, uniq_pikel,
          uniq_grinder, uniq_sigmund
D:6:      layout_basic, minmay_temple_entry_from_below_a
D:7:      layout_rooms
D:8:      layout_loops_corners
D:9:      layout_rooms
D:10:     layout_roguey, minmay_orc_entry_temple_small, enter_trove_3,
          minmay_shop_mass, uniq_urug, uniq_snorg
D:11:     layout_irregular_city, minmay_lair_entry_grove,
          gauntlet_entry_generic, gammafunk_ghost_smash
D:12:     layout_basic, serial_glass, glass_columns_b, glass_columns_b,
          minmay_strange_pillars, due_unseen_surprise, minmay_strange_pillars,
          serial_shops, shop, kennysheep_donut, minmay_strange_pillars,
          eino_tiny_chamber, uniq_jorgrun, uniq_nergalle
D:13:     layout_long_grid, david_vaults_3, fedhas_altar_fruit_tree
D:14:     layout_long_grid, grunt_qazlal_clouds, uniq_roxanne, uniq_azrael,
          uniq_frances
D:15:     grunt_enter_depths_giant_problem, layout_long_grid
Lair:1:   layout_cave_pods, nzn_ghost_randoct, grunt_forest_small_clearings
Lair:2:   layout_long_grid, palyth_hydra_swamp_entry,
          guppyfry_snake_entry_garden, basic_altar
Lair:3:   layout_cave_pods
Lair:4:   layout_loops_ring, minmay_lair_oklob_chamber, lemuel_fruit_fields,
          infiniplex_staircase_pool_2
Lair:5:   layout_long_grid, enter_volcano_1, grunt_forest_stairs_basic,
          uniq_kirke
Lair:6:   minmay_lair_end_enchanted_forest, layout_cave_pods,
          minmay_slime_entry_oklob_enclosed, uniq_rupert, uniq_josephine
Swamp:1:  layout_falls_marsh, serial_swamp_ruin, hangedman_swamp_ruin_wall,
          evilmike_swamp_ruin_house_2, evilmike_swamp_ruin_house_3, swamp_pool1
Swamp:2:  layout_basic_swamp, evilmike_swamp_ruin_house_1
Swamp:3:  nzn_winding_woodlands_medium [nzn_winding_woodlands_5x5_three,
          nzn_winding_woodlands_5x15_river_crossing,
          nzn_winding_woodlands_5x5_closed_star,
          nzn_winding_woodlands_5x5_checkerboard,
          nzn_winding_woodlands_center_pierced_h,
          nzn_winding_woodlands_5x5_open_star,
          nzn_winding_woodlands_5x5_perimeter,
          nzn_winding_woodlands_5x15_zeroes, nzn_winding_woodlands_5x5_default],
          layout_basic_swamp, evilmike_swamp_ruin_house_5, hangedman_swamp_pad,
          swamp_pool1
Swamp:4:  swamp_icy, layout_basic_swamp, infiniplex_staircase_pool
Snake:1:  layout_concentric_octagons, nrook_guardian_serpent_ordinary
Snake:2:  layout_cave_shapes, nicolae_snake_squiggles, uniq_aizul
Snake:3:  layout_onion, grunt_ministairs_10, st_stairs_2, grunt_megastairs_2,
          uniq_donald
Snake:4:  snake_pit, layout_misc_corridors, grunt_megastairs_4, minmay_shoptagon
Slime:1:  layout_caves
Slime:2:  cheibrodos_slime_lost_civilization_9, layout_caves
Slime:3:  layout_caves
Slime:4:  cheibrodos_slime_lost_civilization_2, layout_caves
Slime:5
Orc:1:    layout_diamond_mine, ebering_ghost_reflecting_pool, serial_shops,
          nicolae_shop_behind_doors, enter_bailey_3
Orc:2:    st_orc_ogre_mass, layout_caves
Elf:1:    minmay_elf_arrival_circle, layout_rooms, serial_shops,
          nicolae_shop_window_shopping, basic_altar, evilmike_minifort
Elf:2:    layout_onion_city, serial_shops, shop, hangedman_elf_power_crystal,
          grunt_ministairs_12
Elf:3:    minmay_elf_hall_x, layout_geoelf_octagon, special_room
          [special_room_mythical_zoo], st_stairs_2
Vaults:1: dpeg_vaults_monster_row, vaults_room_guarded_vault, v_misc_23,
          v_misc_8, vaults_room_pool, nicolae_vaults_mini_display_case,
          hangedman_vaults_snaps, layout_vaults_omnigrid, serial_shops,
          shop_coins

Skill      XL: |  1  2  3  4  5  6  7  8  9 10 11 12 13 14 15 16 17 18 19 20 21 22 23 |
---------------+----------------------------------------------------------------------+-----
Spellcasting   | 4 5 6 7 9 10 11 12 13 14 15 17 18 | 18.8
Fighting       | 1 2 4 6 8 10 11 13 15 17 | 17.1
Dodging        | 3 5 7 8 9 10 11 13 14 16 | 16.6
Short Blades   | 2 4 |  4.6
Armour         | 4 7 8 10 11 12 14 | 14.2
Shields        | 2 4 |  4.0
Long Blades    | 1 7 8 10 | 10.9
Evocations     | 2 |  2.2
Stealth        | |  1.5

Action                   |  1- 3 |  4- 6 |  7- 9 | 10-12 | 13-15 | 16-18 | 19-21 | 22-24 || total
-------------------------+-------+-------+-------+-------+-------+-------+-------+-------++-------
Melee: Unarmed           |     3 |    42 |       |       |       |       |       |       ||    45
       Short sword       |       |       |   106 |    66 |    36 |       |       |       ||   208
       Scimitar          |       |       |       |       |   290 |   220 |    18 |       ||   528
       Double sword      |       |       |       |       |       |       |   209 |    75 ||   284
 Cast: Pain              |    59 |       |       |       |       |       |       |       ||    59
       Vampiric Draining |     6 |    76 |    42 |    24 |     6 |       |       |       ||   154
       Slow              |       |       |     1 |     2 |    10 |     2 |       |       ||    15
       Olgreb's Toxic Ra |       |       |     6 |    74 |    61 |    17 |     8 |       ||   166
       Gell's Gravitas   |       |       |       |     1 |       |       |       |       ||     1
       Irradiate         |       |       |       |    30 |    64 |    12 |    17 |     3 ||   126
       Yara's Violent Un |       |       |       |       |     9 |       |       |       ||     9
       Starburst         |       |       |       |       |    36 |    70 |    66 |    53 ||   225
       Iron Shot         |       |       |       |       |       |   110 |   372 |   247 ||   729
       Spellforged Servi |       |       |       |       |       |       |    12 |     2 ||    14
       Animate Dead      |       |       |       |       |       |       |     1 |       ||     1
       Summon Hydra      |       |       |       |       |       |       |       |    24 ||    24
Invok: Curse Item        |     2 |     3 |     2 |     2 |     2 |     1 |     3 |     3 ||    18
       Shatter the Chain |       |       |       |     2 |     1 |       |     4 |     2 ||     9
Evoke: Wand              |       |     1 |     3 |     1 |       |       |       |       ||     5
  Use: Potion            |       |       |       |     2 |       |     1 |     1 |       ||     4
       Scroll            |       |       |       |       |     4 |       |    13 |     6 ||    23
 Stab: Sleeping          |       |       |     5 |       |     5 |     1 |     9 |     1 ||    21
       Distracted        |       |       |       |       |     1 |     1 |     1 |       ||     3
Armor: Robe              |     4 |    14 |    15 |     8 |       |       |       |       ||    41
       Ring mail         |       |       |       |    11 |   100 |    72 |    97 |    41 ||   321
Dodge: Dodged            |    20 |    64 |    95 |    79 |   321 |   237 |   388 |   113 ||  1317
Block: Buckler           |       |       |       |       |    72 |    87 |   191 |    78 ||   428
       Rpst.: Scimitar   |       |       |       |       |    62 |    57 |     7 |       ||   126
       Double sword      |       |       |       |       |       |       |    48 |    19 ||    67

Table legend: (Time is in decaauts)
 A = Elapsed time spent in this place.
 B = Non-inter-level travel time spent in this place.
 C = Inter-level travel time spent in this place.
 D = Time resting spent in this place.
 E = Time spent auto-exploring this place.
 F = Levels seen in this place.
 G = Mean time per level.
                   A        B        C        D        E       F      G
               +--------+--------+--------+--------+--------+-----+--------+
         Total |  50341 |  47016 |   3325 |   6641 |  33242 |  44 | 1144.1 |
       Dungeon |  19559 |  17992 |   1567 |    950 |  14995 |  15 | 1303.9 |
          Lair |   9175 |   8526 |    649 |   1072 |   6416 |   6 | 1529.2 |
         Swamp |   2482 |   2343 |    139 |     34 |   1682 |   4 |  620.5 |
     Snake Pit |   3732 |   3440 |    292 |    165 |   2481 |   4 |  933.0 |
    Slime Pits |   1462 |   1354 |    108 |    164 |    698 |   5 |  292.4 |
  Orcish Mines |   2940 |   2629 |    311 |   1209 |    989 |   2 | 1470.0 |
   Elven Halls |   8737 |   8480 |    257 |   2425 |   4945 |   3 | 2912.3 |
        Vaults |    209 |    209 |      0 |      0 |    154 |   1 |  209.0 |
         Trove |     48 |     48 |      0 |      0 |      0 |   1 |   48.0 |
        Bailey |    609 |    609 |      0 |    189 |    276 |   1 |  609.0 |
       Volcano |    812 |    812 |      0 |    397 |    275 |   1 |  812.0 |
      Gauntlet |    570 |    570 |      0 |     36 |    331 |   1 |  570.0 |
               +--------+--------+--------+--------+--------+-----+--------+

Top non-repeatable levels by time:
   Elf:3: 4574 daAuts
  Lair:6: 2509 daAuts
     D:1: 2265 daAuts
   Elf:1: 2106 daAuts
   Elf:2: 2056 daAuts
    D:14: 1904 daAuts
  Lair:2: 1847 daAuts
   Orc:1: 1810 daAuts
    D:10: 1611 daAuts
  Lair:4: 1555 daAuts
     D:4: 1544 daAuts
    D:15: 1455 daAuts
     D:2: 1424 daAuts
  Lair:5: 1295 daAuts
     D:8: 1280 daAuts
